 Dungeon Crawl Stone Soup version 0.29.0-4-gdea44cf6ec (webtiles) character file.

Game seed: 13479490638315169524

1253 qw the Chopper (level 8, 0/46 HPs)
             Began as a Tengu Warper on Aug 28, 2022.
             Slain by an orc
             ... wielding a +0 trident
              (2 damage)
             ... on level 4 of the Dungeon.
             The game lasted 00:00:28 (4914 turns).

qw the Chopper (Tengu Warper)                       Turns: 4914, Time: 00:00:28

Health: 0/46       AC: 19    Str: 14    XL:     8   Next: 51%
Magic:  12/12      EV:  4    Int: 14    God:
Gold:   198        SH: 11    Dex: 13    Spells: 11/11 levels left

rFire   x x .      SeeInvis .   Y - +0 hand axe (elec)
rCold   x x .      Faith    .   b - +2 kite shield
rNeg    . . .      Spirit   .   e - +0 plate armour
rPois   +          Reflect  .   (helmet restricted)
rElec   .          Harm     .   (no cloak)
rCorr   .          Rampage  .   (no gloves)
Will    .....                   (boots unavailable)
Stlth   ..........              g - amulet of Elemental Vulnerability {rPois rF-- rC-- AC+8}
HPRegen 0.15/turn               (no ring)
MPRegen 0.13/turn               (no ring)

@: flying quickly and evasively, quick
A: beak, talons 3, nimble flight
a: no special abilities


You were on level 4 of the Dungeon.
You visited 1 branch of the dungeon, and saw 4 of its levels.

You collected 198 gold pieces.


Innate Abilities, Weirdness & Mutations

You have a beak for a mouth.
You have claws for feet.
Your magical nature lets you fly swiftly and evasively.


   Skills:
 - Level 3.1 Fighting
 + Level 7.3 Axes
 - Level 1.0 Throwing
 - Level 3.7 Armour
 - Level 2.1 Dodging
 - Level 6.2 Shields
 - Level 2.0 Spellcasting
 - Level 2.4 Translocations


You had 11 spell levels left.
You didn't know any spells.
Your spell library contained the following spells:

 Spells                   Type           Power      Damage    Failure   Level
 Blink                    Tloc           16%        N/A       100%        2
 Gell's Gravitas          Tloc           8%         N/A       100%        3
 Lesser Beckoning         Tloc           8%         N/A       100%        3
 Teleport Other           Tloc           8%         N/A       100%        3
 Manifold Assault         Tloc           8%         N/A       100%        5

Inventory:

Hand Weapons
 i - a +0 flail
 Y - a +0 hand axe of electrocution (weapon)
Armour
 b - a +2 kite shield (worn)
 e - a +0 plate armour (worn)
 k - a +0 pair of gloves
Jewellery
 f - an amulet of the acrobat
 g - the amulet of Elemental Vulnerability (around neck) {rPois rF-- rC-- AC+8}
   (You found it on level 3 of the Dungeon)

   [amulet of nothing]

   AC:        It affects your AC (+8).
   rF:        It makes you very vulnerable to fire.
   rC:        It makes you very vulnerable to cold.
   rPois:     It protects you from poison.
 h - a ring of ice
Scrolls
 a - a scroll of identify
 l - a scroll of vulnerability {unknown}
Potions
 c - a potion of heal wounds {unknown}
 d - a potion of magic {unknown}
 j - a potion of might {unknown}
 m - a potion of curing {unknown}

Dungeon Overview and Level Annotations

Branches:
Dungeon (4/15)
 Temple: D:4-7

Altars:
Xom

Annotations:
D:2 1 runed translucent door, Crazy Yiuf


Message History

The gnoll hits you but does no damage. You block the gnoll's attack.
The orc wizard mumbles some strange words.
The orc wizard flickers and vanishes!
Deactivating autopickup; reactivate with Ctrl-A.
The orc hits you but does no damage.
You hit the gnoll but do no damage. Your kick misses the gnoll.
Your peck misses the gnoll.
The gnoll is lightly wounded.
The gnoll hits you but does no damage. You block the gnoll's attack.
You hit the gnoll. Lightning courses through the gnoll!
You kill the gnoll!
The orc hits you but does no damage. The gnoll hits you but does no damage.
You closely miss the orc. The orc hits you but does no damage.
The orc hits you with a +0 flail. The gnoll barely misses you.
You hit the orc but do no damage. Lightning courses through the orc!
You kill the orc!
You miss something. Something hits you. You block the orc's attack.
The gnoll hits you from afar with a +0 spear.
You hit the orc but do no damage. You miss something. Something hits you.
The orc barely misses you. The orc hits you but does no damage.
You block the gnoll's attack.
You closely miss the orc. You miss something.
The orc hits you from afar with a +0 trident.
Something hits you but does no damage. You block the gnoll's attack.
You hit the orc but do no damage. You miss something.
Something hits you but does no damage. You block the orc's attack.
The orc hits you but does no damage. The gnoll hits you but does no damage.
You hit the orc. You claw the orc.
You kill the orc!
You closely miss something. You block something's attack.
The orc hits you but does no damage. The gnoll hits you but does no damage.
You miss something. You claw something. You block the orc's attack.
Something hits you. The gnoll hits you but does no damage.
You hit something. Your peck misses something.
The orc hits you from afar with a +0 trident.
You die...

##...## #..
#...##~~~##...# # # #.##
##. #....##~¤~##..### #.
#....g##~¤~##.#.. ##..
###...[..##¤~~###..
....##.#.....g.##~¤~##..
.......+........##~¤~#..
.....o.+.........##~~~..
......)#############~~~.
.....g{@.......#.....~~.
.....##.......####....¤.
$.. ###.%..## ###...# .
##...#####...###
#....%......##
#.##.#######.# #.# ###
#.# #.# ### #.#


You could see a gnoll and an orc.

Vanquished Creatures
  Pikel (D:4)
  A sky beast (D:4)
  An ice beast (D:4)
  3 lemures (D:4)
  A kobold brigand (D:4)
  A scorpion (D:4)
  A vampire bat (D:3)
  A jelly (D:4)
  An orc priest (D:4)
  A hound (D:4)
  Ijyb (D:4)
  3 iguanas (D:4)
  3 gnolls (D:4)
  3 adders
  3 worms
  A dart slug (D:1)
  3 fire bats (D:3)
  12 orcs
  2 spectral bats (D:3)
  12 bats
  3 bat skeletons (D:3)
  A bat zombie (D:3)
  9 endoplasms
  4 giant cockroaches
  5 goblins
  8 hobgoblins
  4 jackals
  3 quokkas
  3 ball pythons
  A bat simulacrum (D:3)
  2 frilled lizards
  9 kobolds
  7 rats
114 creatures vanquished.

Vanquished Creatures (others)
  A hobgoblin (D:4)
1 creature vanquished.

Grand Total: 115 creatures vanquished

Notes
Turn   | Place    | Note
-------+----------+-------------------------------------------
     0 | D:1      | qw the Tengu Warper began the quest for the Orb.
     0 | D:1      | Reached XP level 1. HP: 12/12 MP: 4/4
     0 | D:1      | 0 ||| qw: Version: 0.1-a-89-g26bdef1
     0 | D:1      | 0 ||| qw: Game counter: 2314
     0 | D:1      | 0 ||| qw: Always use a shield: true
     0 | D:1      | 0 ||| qw: God list: Okawaru
     0 | D:1      | 0 ||| qw: Allow faded altars: false
     0 | D:1      | 0 ||| qw: Do Orc after D:15 true
     0 | D:1      | 0 ||| qw: Do second Lair branch before Depths: true
     0 | D:1      | 0 ||| qw: Lair rune preference: random
     0 | D:1      | 0 ||| qw: Plans: Normal
     0 | D:1      | 0 ||| PLANNING D:1-11
   135 | D:1      | 135 ||| Stepping ~*~*~tactically~*~*~ (hiding).
   136 | D:1      | 136 ||| Stepping ~*~*~tactically~*~*~ (hiding).
   142 | D:1      | Reached skill level 3 in Axes
   142 | D:1      | Reached XP level 2. HP: 13/17 MP: 6/6
  1050 | D:1      | 1050 ||| UPGRADING to +0 plate armour.
  1060 | D:1      | 1060 ||| DROPPING +0 leather armour.
  1061 | D:1      | 1061 ||| UPGRADING to +0 buckler.
  1066 | D:1      | 1066 ||| UPGRADING to amulet of the acrobat.
  1071 | D:1      | 1071 ||| READING 2 scrolls labelled UTUSTR LUNAZUKH.
  1072 | D:1      | 1072 ||| DROPPING scroll of blinking.
  1117 | D:2      | 1117 ||| Stepping ~*~*~tactically~*~*~ (stealth).
  1148 | D:2      | Reached XP level 3. HP: 19/21 MP: 7/7
  1247 | D:2      | 1247 ||| Stepping ~*~*~tactically~*~*~ (stealth).
  1280 | D:2      | Reached skill level 1 in Shields
  1333 | D:2      | Found a runed translucent door.
  1334 | D:2      | Noticed Crazy Yiuf
  1571 | D:2      | Reached skill level 4 in Axes
  1631 | D:2      | 1631 ||| DROPPING +0 club.
  1860 | D:2      | 1860 ||| DROPPING ring of flight.
  1861 | D:2      | 1861 ||| READING scroll labelled UDIQOU OMUI.
  1893 | D:2      | 1893 ||| READING scroll labelled TOTWIL YRIOGYN.
  1894 | D:2      | 1894 ||| READING scroll labelled ESUOGA CUASTRI.
  1895 | D:2      | 1895 ||| READING 2 scrolls of identify.
  1895 | D:2      | 1895 ||| IDENTIFYING sapphire potion
  1896 | D:2      | 1896 ||| DROPPING potion of invisibility.
  1920 | D:3      | 1920 ||| PLANNING SEWER
  2055 | D:3      | Reached XP level 4. HP: 26/26 MP: 8/8
  2133 | D:3      | 2133 ||| READING scroll of brand weapon.
  2133 | D:3      | 2133 ||| BRANDING +0 hand axe of freezing.
  2202 | D:3      | Found the amulet of Elemental Vulnerability {rPois rF--
                  | rC-- AC+8}
  2289 | D:3      | 2289 ||| Stepping ~*~*~tactically~*~*~ (stealth).
  2294 | D:3      | 2294 ||| Stepping ~*~*~tactically~*~*~ (stealth).
  2296 | D:3      | 2296 ||| Stepping ~*~*~tactically~*~*~ (stealth).
  2648 | D:3      | Reached skill level 5 in Axes
  2648 | D:3      | Gained mutation: Your magical nature lets you fly swiftly
                  | and evasively. [Tengu growth]
  2648 | D:3      | Reached XP level 5. HP: 26/30 MP: 9/9
  2687 | D:3      | 2687 ||| RIP SEWER
  2688 | D:3      | 2688 ||| PLANNING D:1-11
  2716 | D:3      | Reached skill level 6 in Axes
  3088 | D:3      | 3088 ||| UPGRADING to +2 kite shield.
  3098 | D:3      | 3098 ||| DROPPING +0 buckler.
  3099 | D:3      | 3099 ||| UPGRADING to amulet of Elemental Vulnerability
                  | {rPois rF-- rC-- AC+8}.
  3109 | D:3      | 3109 ||| READING scroll labelled SUELILASCHU.
  3210 | D:3      | 3210 ||| READING scroll labelled MAIHAR EHERYSU.
  3211 | D:3      | 3211 ||| DRINKING 2 red potions.
  3312 | D:3      | 3312 ||| DROPPING potion of ambrosia.
  3368 | D:4      | Reached XP level 6. HP: 21/35 MP: 10/10
  3445 | D:4      | 3445 ||| FLEEEEING.
  3452 | D:4      | 3452 ||| STAIRDANCE
  3499 | D:4      | 3499 ||| Stepping ~*~*~tactically~*~*~ (stealth).
  3500 | D:4      | 3500 ||| Stepping ~*~*~tactically~*~*~ (stealth).
  3745 | D:4      | Noticed Pikel
  3767 | D:4      | Killed Pikel
  3768 | D:4      | Reached skill level 6 in Shields
  3768 | D:4      | Reached XP level 7. HP: 14/40 MP: 11/11
  3768 | D:4      | HP: 7/40 [frozen (7)]
  3769 | D:4      | 3769 ||| READING scroll of teleportation.
  3769 | D:4      | HP: 1/40 [frozen (6)]
  4074 | D:4      | Found a shimmering altar of Xom.
  4102 | D:4      | Reached XP level 8. HP: 26/44 MP: 12/12
  4254 | D:4      | Noticed Ijyb
  4255 | D:4      | 4255 ||| Stepping ~*~*~tactically~*~*~ (hiding).
  4263 | D:4      | Killed Ijyb
  4264 | D:4      | Reached skill level 7 in Axes
  4447 | D:4      | Reached skill level 3 in Fighting
  4505 | D:4      | 4505 ||| DROPPING +0 whip.
  4543 | D:4      | Reached skill level 3 in Armour
  4591 | D:4      | 4591 ||| Stepping ~*~*~tactically~*~*~ (hiding).
  4908 | D:4      | HP: 8/46 [gnoll/+0 spear (4)]
  4913 | D:4      | HP: 2/46 [something (3)]
  4914 | D:4      | Slain by an orc

Levels and vault maps discovered:
D:1:      minmay_arrival_stair_chambers, layout_basic, minmay_misc_feat_doors
D:2:      layout_rooms, nicolae_titane, uniq_crazy_yiuf_cottage
D:3:      minmay_recursive_quarters, layout_basic, gup_sewer_entry_bowl,
          minmay_misc_feat_iff, amcnicky_mini_corridor_feature, goddamned_bats
D:4:      layout_layer_cave, xom_confusion_cloud, kennysheep_opposing_triangles,
          uniq_pikel, uniq_ijyb

Skill      XL: |  1  2  3  4  5  6  7  8 |
---------------+-------------------------+-----
Axes           | 3 4 5 6 7 |  7.3
Shields        | 1 6 |  6.2
Armour         | 2 3 |  3.7
Fighting       | 3 |  3.1
Throwing       | |  1.0
Dodging        | |  2.1
Spellcasting   | |  2.0
Translocations | |  2.4

Action                   |  1- 3 |  4- 6 |  7- 9 || total
-------------------------+-------+-------+-------++-------
Melee: Hand axe          |    89 |   145 |    83 ||   317
       Peck              |     9 |    19 |    11 ||    39
       Kick              |    13 |    35 |    21 ||    69
Throw: Boomerang         |     7 |       |       ||     7
  Use: Scroll            |     5 |     3 |     1 ||     9
       Potion            |       |     1 |       ||     1
 Stab: Confused          |       |       |     1 ||     1
Armor: Leather armour    |    10 |       |       ||    10
       Plate armour      |    25 |   126 |    55 ||   206
Dodge: Dodged            |    27 |    49 |     4 ||    80
Block: Buckler           |     8 |    26 |       ||    34
       Kite shield       |       |    29 |    40 ||    69

Table legend:
 A = Non-vault XP
 B = Vault XP
 C = Vault XP percentage of total XP
 D = Non-vault monster count
 E = Vault monster count
 F = Vault count percentage of total count
                 A         B        C        D         E       F
            +---------+---------+-------+---------+---------+-------
      Total |     668 |    1122 |  62.7 |      69 |      42 |  37.8
            +---------+---------+-------+---------+---------+-------
        D:1 |      29 |       0 |   0.0 |      16 |       0 |   0.0
        D:2 |      37 |       0 |   0.0 |      14 |       0 |   0.0
        D:3 |      45 |     193 |  81.1 |      16 |      29 |  64.4
        D:4 |     557 |     929 |  62.5 |      23 |      13 |  36.1
            +---------+---------+-------+---------+---------+-------
